 Dungeon Crawl Stone Soup version 0.30-b1-2-g02819fbbbe (webtiles) character file.

Game seed: 13311444415924136340

9100 raph the Summoner (level 11, -5/62 HPs)
             Began as a Deep Elf Summoner on Dec 11, 2023.
             Was an Initiate of Gozag.
             Slain by a skeletal warrior
             ... wielding a +0 hand axe
              (23 damage)
             ... on level 10 of the Dungeon on Dec 12, 2023.
             The game lasted 00:25:03 (12093 turns).

raph the Summoner (Deep Elf Summoner)              Turns: 12093, Time: 00:25:03

Health: -5/62      AC:  7    Str:  5    XL:     11   Next: 18%
Magic:  5/24       EV: 14    Int: 25    God:    Gozag
Gold:   826        SH:  7    Dex: 15    Spells: 1/25 levels left

rFire   + + .        a - +2 rapier (freeze)
rCold   + . .        E - +2 buckler
rNeg    . . .        D - +2 robe {rF+}
rPois   +            v - +2 helmet
rElec   +            (no cloak)
rCorr   +            (no gloves)
SInv    .            (no boots)
Will    +....        p - amulet of the acrobat
Stlth   ++++         H - +4 ring of slaying
HPRegen 0.30/turn    w - ring of wizardry
MPRegen 0.19/turn

%: acrobat, wizardry (x1)
@: resistant, stuck, very slightly contaminated, invisible
A: no striking features
a: Renounce Religion, Potion Petition, Call Merchant, Bribe Branch


You were on level 10 of the Dungeon.
You worshipped Gozag.
Gozag was pleased with you.
You visited 2 branches of the dungeon, and saw 11 of its levels.
You also visited: Bailey.

You collected 1603 gold pieces.
You paid 777 gold pieces to Gozag.

Inventory:

Hand Weapons
 a - a +2 rapier of freezing (weapon)
 b - the +1 mace "Killer Klown's Bane" {heavy, rPois rCorr SInv}
   (You found it in a bailey)

   rPois:     It protects you from poison.
   SInv:      It lets you see invisible.
   rCorr:     It protects you from acid and corrosion.
Missiles
 d - 7 poisoned darts
 o - a throwing net
 C - a curare-tipped dart
Armour
 v - a +2 helmet (worn)
 D - a +2 robe of fire resistance (worn)
 E - a +2 buckler (worn)
Magical Staves
 g - a staff of fire
 t - a staff of conjuration
Jewellery
 p - an amulet of the acrobat (around neck)
 q - a ring of flight
 w - a ring of wizardry (right hand)
 H - a +4 ring of slaying (left hand)
Wands
 f - a wand of iceblast (6)
 n - a wand of flame (16)
 x - a wand of paralysis (12)
Scrolls
 e - 3 scrolls of vulnerability
 u - 5 scrolls of blinking
 A - 4 scrolls of teleportation
 J - a scroll of poison
Potions
 c - 3 potions of degeneration {unknown}
 h - 6 potions of curing
 j - 5 potions of might
 k - 2 potions of attraction {unknown}
 l - 6 potions of mutation
 m - 4 potions of flight
 r - 4 potions of heal wounds
 z - 2 potions of brilliance {unknown}
 B - 2 potions of lignification
 F - 2 potions of resistance {unknown}
 G - a potion of magic
 I - a potion of haste {unknown}
 K - a potion of invisibility {unknown}


   Skills:
 + Level 4.7 Fighting
 + Level 0.6 Short Blades
 + Level 7.4 Dodging
 + Level 8.1 Stealth
 * Level 3.9 Shields
 + Level 7.8 Spellcasting
 + Level 4.5 Conjurations
 + Level 7.3 Hexes
 * Level 10.2 Summonings
 + Level 5.2 Fire Magic


You had one spell level left.
You knew the following spells:

 Your Spells              Type           Power      Damage    Failure   Level
a - Summon Small Mammal   Summ           100%       N/A       1%          1
b - Call Imp              Summ           100%       N/A       1%          2
c - Call Canine Familiar  Summ           57%        N/A       1%          3
d - Summon Guardian Gole  Hex/Summ       52%        N/A       1%          3
e - Summon Lightning Spi  Summ/Air       35%        N/A       5%          4
f - Fulminant Prism       Conj/Hex       19%        3d11      3%          4
g - Iskenderun's Mystic   Conj/Tloc      21%        2d6       16%         4
h - Vampiric Draining     Necr           9%         2d6       13%         3

Your spell library contained the following spells:

 Spells                   Type           Power      Damage    Failure   Level
 Summon Mana Viper        Hex/Summ       52%        N/A       3%          5
 Volatile Blastmotes      Fire/Tloc      44%        2d13      4%          3
 Sublimation of Blood     Necr           9%         N/A       6%          2
 Ozocubu's Armour         Ice            9%         N/A       13%         3
 Metabolic Englaciation   Hex/Ice        14%        N/A       26%         5
 Silence                  Hex/Air        14%        N/A       26%         5
 Passage of Golubria      Tloc           9%         N/A       38%         4
 Lee's Rapid Deconstruct  Erth           4%         3d5*      71%         5
 Enfeeble                 Hex            23%        N/A       85%         7
 Lehudib's Crystal Spear  Conj/Erth      10%        10d4      100%        8
 Simulacrum               Ice/Necr       Unusable   N/A       N/A         6

Dungeon Overview and Level Annotations

Branches:
Dungeon (10/15)            Temple (1/1) D:6          Bailey (visited)
   Lair: D:8-11         Orc: D:9-12

Altars:
Ashenzari
Cheibriados
Dithmenos
Elyvilon
Fedhas
Gozag
Hepliaklqana
Kikubaaqudgha
Makhleb
Nemelex Xobeh
Okawaru
Qazlal
Ru
Sif Muna
Trog
Uskayaw
Vehumet
Wu Jian
Xom
Yredelemnul
Zin
The Shining One


Message History

The skeletal warrior is almost destroyed.
The skeletal warrior is knocked back by the mystic blast.
The skeletal warrior is distracted by your dazzling golden aura.
Something hits you but does no damage.
Casting: Iskenderun's Mystic Blast (dangerous; 16% risk of failure)
Confirm with . or Enter, or press ? or * to list all spells.
You erupt in a blast of force!
The mystic blast hits the skeletal warrior but does no damage.
The skeletal warrior is almost destroyed.
The skeletal warrior is no longer distracted by gold.
The mystic blast hits the skeletal warrior.
The skeletal warrior is heavily damaged.
The skeletal warrior is knocked back by the mystic blast.
The skeletal warrior slams into the rock wall!
The mystic blast hits something.
Casting: Iskenderun's Mystic Blast (dangerous; 16% risk of failure)
Confirm with . or Enter, or press ? or * to list all spells.
You miscast Iskenderun's Mystic Blast.
The world appears momentarily distorted.
You are magically locked in place.
Something hits you. x2
* * * LOW HITPOINT WARNING * * *
You block the skeletal warrior's attack.
Casting: Iskenderun's Mystic Blast (dangerous; 16% risk of failure)
Confirm with . or Enter, or press ? or * to list all spells.
You erupt in a blast of force!
The mystic blast hits something.
The mystic blast hits the skeletal warrior but does no damage.
The skeletal warrior is almost destroyed.
The skeletal warrior misses you.
Casting: Iskenderun's Mystic Blast (dangerous; 16% risk of failure)
Confirm with . or Enter, or press ? or * to list all spells.
You erupt in a blast of force!
The mystic blast hits something.
The mystic blast hits the skeletal warrior but does no damage.
The skeletal warrior is almost destroyed.
The mystic blast hits the skeletal warrior!
The skeletal warrior is heavily damaged.
You hear a bellow!
You block something's attack.
The skeletal warrior hits you with a +0 hand axe!!
You die...
Your body crumbles into a pile of gold.

#.##.§.###.#..#..#.#..##
#....§...<.#..#........#
#..#.8.......§...#.#...#
#..#..####.#.§#..#.#...#
#. #..# #...z.....#...#
#. #..####...##...##...#
#..#..!.............>..#
#.....z###...####.##.#.#
#..#..z@.....# #.##.#.#
#.####.####..# .# #. #.#
# #.# #.# #.. .## .


You could see 2 skeletal warriors.

Vanquished Creatures
  A two-headed ogre (D:9)
  2 spriggans (Bailey)
  A yak (D:8)
  2 steam dragons
  2 ice beasts (D:6)
  An ogre (Bailey)
  A centaur (D:8)
  A phantom (D:4)
  2 bullfrogs (D:8)
  A scorpion (D:5)
  7 killer bees (D:9)
  2 electric eels (D:9)
  A hound (D:6)
  2 orc priests
  2 iguanas
  Natasha (D:2)
  2 orc wizards
  4 adders
  A gnoll (D:8)
  A shadow imp (D:6)
  A dart slug (D:2)
  A worm (D:3)
  6 orcs
  2 giant cockroaches (D:1)
  4 goblins
  8 hobgoblins
  2 quokkas
  3 ball pythons
  2 bats (D:2)
  A frilled lizard (D:3)
  5 kobolds
  A rat (D:1)
73 creatures vanquished.

Vanquished Creatures (collateral kills)
  A two-headed ogre (Bailey)
  A wyvern (D:9)
  2 spriggans (Bailey)
  8 yaks
  2 orc warriors
  5 ogres
  A kobold brigand (D:7)
  3 bullfrogs (D:7)
  4 scorpions
  A gnoll sergeant (D:8)
  3 wights (D:8)
  4 killer bees (D:9)
  A howler monkey (D:4)
  A nameless horror (Bailey)
  6 orc priests
  3 hounds
  2 jellies
  Natasha (twice) (D:2)
  2 iguanas
  A sleepcap (D:8)
  10 orc wizards
  Robin (D:4)
  20 gnolls
  4 adders
  A shadow imp (D:6)
  4 white imps
  2 worms
  A dart slug (D:4)
  15 orcs
  A bat (D:3)
  2 endoplasms
  9 giant cockroaches
  6 hobgoblins
  14 kobolds
  5 ball pythons
  2 frilled lizards
  22 goblins
  2 rats
174 creatures vanquished.

Vanquished Creatures (others)
  2 skeletal warriors (D:10)
  A spriggan (Bailey)
  A water moccasin (D:9)
  2 ogres
  A centaur (D:8)
  A gnoll sergeant (D:7)
  A jelly (D:6)
  An orc priest (D:7)
  An orc wizard (D:6)
  An orc (D:7)
  2 goblins (D:3)
  16 fulminant prisms
  3 plants (D:1)
33 creatures vanquished.

Grand Total: 280 creatures vanquished

Notes
Turn   | Place    | Note
-------+----------+-------------------------------------------
     0 | D:1      | raph the Deep Elf Summoner began the quest for the Orb.
     0 | D:1      | Reached XP level 1. HP: 10/10 MP: 6/6
   284 | D:1      | Reached XP level 2. HP: 15/15 MP: 6/8
   303 | D:1      | Learned a level 2 spell: Call Imp
  1420 | D:2      | Reached XP level 3. HP: 15/20 MP: 5/9
  1424 | D:2      | Learned a level 3 spell: Call Canine Familiar
  1456 | D:2      | Noticed Natasha
  1465 | D:2      | Killed Natasha
  1601 | D:2      | Reached skill level 5 in Summonings
  1660 | D:2      | Reached XP level 4. HP: 24/24 MP: 7/11
  1759 | D:2      | Learned a level 3 spell: Summon Guardian Golem
  1814 | D:2      | Reached skill level 1 in Fighting
  1850 | D:2      | Found a shimmering altar of Xom.
  1850 | D:2      | Noticed Natasha
  1862 | D:2      | Killed Natasha
  1946 | D:2      | Noticed Natasha
  1961 | D:2      | Killed Natasha
  1962 | D:2      | Reached skill level 1 in Hexes
  1962 | D:2      | Reached XP level 5. HP: 4/29 MP: 8/13
  2555 | D:3      | Noticed an ogre
  2614 | D:3      | Killed an ogre
  2896 | D:3      | Reached XP level 6. HP: 32/34 MP: 14/14
  3780 | D:4      | Reached skill level 6 in Summonings
  3869 | D:4      | Noticed Robin
  3891 | D:4      | Killed Robin
  4031 | D:4      | Learned a level 4 spell: Summon Lightning Spire
  4239 | D:4      | Reached XP level 7. HP: 40/40 MP: 5/16
  4610 | D:4      | Reached skill level 5 in Spellcasting
  5157 | D:5      | Entered Level 5 of the Dungeon
  5200 | D:5      | Reached skill level 5 in Stealth
  5200 | D:5      | Reached skill level 1 in Fire Magic
  5378 | D:5      | Reached skill level 7 in Summonings
  5462 | D:5      | Reached XP level 8. HP: 17/45 MP: 4/17
  5649 | D:5      | Reached skill level 5 in Dodging
  6049 | D:6      | Learned a level 4 spell: Fulminant Prism
  6199 | D:6      | Found a staircase to the Ecumenical Temple.
  6389 | Temple   | Entered the Ecumenical Temple
  6517 | Temple   | Became a worshipper of Gozag Ym Sagoz the Greedy
  6703 | D:6      | Reached skill level 1 in Conjurations
  6987 | D:6      | Reached skill level 8 in Summonings
  6988 | D:6      | Reached skill level 5 in Hexes
  6988 | D:6      | Reached XP level 9. HP: 51/51 MP: 9/19
  7654 | D:7      | Found a shimmering altar of Xom.
  7657 | D:7      | Noticed an angel
  7668 | D:7      | Found a glowing silver altar of Zin.
  7957 | D:7      | Reached skill level 1 in Shields
  8470 | D:8      | Reached skill level 9 in Summonings
  8473 | D:8      | Reached XP level 10. HP: 56/56 MP: 6/21
  8777 | D:8      | Learned a level 4 spell: Iskenderun's Mystic Blast
  9278 | D:8      | Found a glowing golden altar of the Shining One.
  9613 | D:9      | Noticed a two-headed ogre
  9971 | D:9      | Found a flagged portal.
  9993 | Bailey   | Entered a bailey
 10137 | Bailey   | Noticed a two-headed ogre
 10168 | Bailey   | Killed a two-headed ogre
 10796 | Bailey   | Identified the +1 mace "Killer Klown's Bane" {heavy, rPois
                  | rCorr SInv}
 10802 | Bailey   | Identified the +1 great mace "Qihirion" {freeze, rPois
                  | Dex+5}
 11232 | D:9      | Reached skill level 5 in Fire Magic
 11261 | D:9      | Reached skill level 10 in Summonings
 11347 | D:9      | Killed a two-headed ogre
 11348 | D:9      | Reached XP level 11. HP: 37/62 MP: 21/24
 11954 | D:10     | Entered Level 10 of the Dungeon
 12013 | D:10     | Got Vahoorou's Lessons on Bewitchment and Stolen Souls
 12020 | D:10     | Learned a level 3 spell: Vampiric Draining
 12027 | D:10     | Noticed a skeletal warrior
 12036 | D:10     | Noticed a skeletal warrior
 12045 | D:10     | Noticed a skeletal warrior
 12045 | D:10     | Noticed a skeletal warrior
 12060 | D:10     | Killed a skeletal warrior
 12081 | D:10     | Killed a skeletal warrior
 12093 | D:10     | Slain by a skeletal warrior

Illustrated notes

Levels and vault maps discovered:
D:1:      matt_arrival_spirals, layout_basic, serial_forest,
          infiniplex_forest_clump_medium, infiniplex_forest_lined_room_,
          infiniplex_forest_end_1, infiniplex_forest_zigzag_1,
          minmay_worlds_worst_comb
D:2:      layout_loops_ring, basic_altar, minmay_misc_feat_enclosed,
          minmay_tetromino_s4, uniq_natasha
D:3:      minmay_general_purpose_star, layout_basic, minmay_ogre_servants
D:4:      layout_cave_pods, uniq_robin
D:5:      layout_rooms
D:6:      layout_rooms, minmay_temple_entry_sparse_star,
          kennysheep_cluttered_room
D:7:      layout_basic, grunt_temple_overflow_order_and_chaos_1
D:8:      layout_loops_corners, nicolae_tso_swordbearing_angel
D:9:      layout_basic, enter_bailey_3
D:10:     layout_loops_ring, lair_entry_dummy, lightli_minifort
Temple:   nicolae_temple_bog_church

Skill      XL: |  1  2  3  4  5  6  7  8  9 10 |
---------------+-------------------------------+-----
Dodging        | 3 4 5 6 7 |  7.4
Stealth        | 3 4 5 6 7 8 |  8.1
Summonings     | 5 6 7 8 9 10 | 10.2
Fighting       | 1 2 3 4 |  4.7
Spellcasting   | 4 5 6 7 |  7.8
Hexes          | 1 2 3 5 6 7 |  7.3
Fire Magic     | 1 3 4 5 |  5.2
Conjurations   | 2 3 4 |  4.5
Shields        | 1 3 |  3.9
Short Blades   | |  0.6

Action                     |  1- 3 |  4- 6 |  7- 9 | 10-12 || total
---------------------------+-------+-------+-------+-------++-------
  Melee: Unarmed           |     5 |       |       |       ||     5
         Short sword       |    57 |   116 |    31 |       ||   204
         Punch             |       |     2 |       |       ||     2
         Dagger            |       |       |    26 |       ||    26
         Rapier            |       |       |    67 |    82 ||   149
   Cast: Summon Small Mamm |    21 |     8 |     9 |     2 ||    40
         Call Imp          |     7 |    15 |    23 |    15 ||    60
         Call Canine Famil |       |    13 |    19 |    13 ||    45
         Summon Guardian G |       |     7 |    12 |     9 ||    28
         Summon Lightning  |       |     3 |    14 |    15 ||    32
         Fulminant Prism   |       |       |     7 |     9 ||    16
         Iskenderun's Myst |       |       |       |     8 ||     8
 Invoke: Potion Petition   |       |       |       |     1 ||     1
    Use: Scroll            |       |     6 |     9 |     6 ||    21
         Potion            |       |       |       |     3 ||     3
   Stab: Distracted        |     1 |     3 |     4 |       ||     8
         Sleeping          |     2 |     3 |     8 |     6 ||    19
 Armour: Robe              |    12 |    24 |    35 |    22 ||    93
  Dodge: Dodged            |    32 |    94 |   118 |   101 ||   345
  Block: Buckler           |       |       |     6 |    60 ||    66
